 Dungeon Crawl Stone Soup version 0.20.1-1-g8b1a95d (webtiles) character file.

144 Vasilisck the Skirmisher (level 5, -7/48 HPs)
             Began as a Minotaur Fighter on Dec 3, 2017.
             Killed from afar by an oklob plant (14 damage)
             ... with a splash of acid
             ... on level 3 of the Dungeon.
             The game lasted 00:04:58 (2062 turns).

Vasilisck the Skirmisher (Minotaur Fighter)         Turns: 2062, Time: 00:04:59

Health: -7/48      AC:  9    Str: 22    XL:     5   Next: 5%
Magic:  4/4        EV:  5    Int:  5    God:
Gold:   228        SH:  9    Dex:  9    Spells: 4/4 levels left

rFire    . . .     SeeInvis .   a - +0 war axe
rCold    . . .     Gourm    .   c - +0 shield
rNeg     . . .     Faith    +   k - +0 chain mail
rPois    .         Spirit   .   (helmet restricted)
rElec    .         Reflect  .   j - +0 cloak
rCorr    .         Harm     .   (no gloves)
MR       .....                  g - +1 pair of boots
Stlth    ..........             p - amulet of faith
Regen    0.2/turn               (no ring)
MPRegen  0.1/turn               (no ring)

@: corroded
A: retaliatory headbutt, horns 2
a: no special abilities


You were on level 3 of the Dungeon.
You were not hungry.

You visited 1 branch of the dungeon, and saw 3 of its levels.

You collected 228 gold pieces.

Inventory:

Hand Weapons
 a - a +0 war axe (weapon)
Armour
 c - a +0 shield (worn)
 g - a +1 pair of boots (worn)
 j - a +0 cloak (worn)
 k - a +0 chain mail (worn)
Jewellery
 p - an amulet of faith (around neck)
Scrolls
 o - 3 scrolls of identify
 t - a scroll of remove curse
Potions
 b - a potion of berserk rage {unknown}
 d - a potion of brilliance {unknown}
 e - a potion of lignification
 h - a potion of curing {unknown}
 i - a potion of mutation {unknown}
 l - a potion of haste {unknown}
 m - 2 potions of heal wounds {unknown}
 n - a potion of magic {unknown}
 q - a potion of might
Comestibles
 f - 4 bread rations
 r - a meat ration
 s - a royal jelly


   Skills:
 + Level 5.0 Fighting
 - Level 3.6 Axes
 - Level 4.6 Armour
 - Level 4.4 Shields


You had 4 spell levels left.
You didn't know any spells.

Dungeon Overview and Level Annotations

Branches:
Dungeon (3/15)

Altars:
Ashenzari
Dithmenos
Fedhas
Gozag

Annotations:
D:3 exclusion: oklob plant


Innate Abilities, Weirdness & Mutations

You reflexively headbutt those who attack you in melee.
You have a pair of horns on your head.


Message History

Really walk into a travel-excluded area? [Y]es or [N]o only, please.
Really walk into a travel-excluded area?
You see here 3 fruits.
You hit the oklob plant. You headbutt the oklob plant!
The oklob plant is lightly damaged.
You hit the fungus but do no damage. You slash the fungus!
You hit the oklob plant.
You headbutt the oklob plant, but do no damage.
The oklob plant is moderately damaged.
You hit the fungus. x2
The oklob plant spits acid at you. The splash of acid hits you!
The acid corrodes you!
You are splashed with acid!
The acid burns!
The oklob plant spits acid at you. The splash of acid hits you!
You are splashed with acid!
The acid burns!
* * * LOW HITPOINT WARNING * * *
The oklob plant spits acid at you. The splash of acid hits you!
You die...

# PPP......_.≈≈≈≈..... #P
PP.≈≈≈≈...≈≈≈≈.###. #P♣
#.≈≈≈≈≈≈≈≈≈≈≈.PP#.
############PP♣♣..≈≈≈≈≈≈≈≈≈..PP#.
.<.........#♣PPPP..≈≈≈≈≈≈≈...P##.
...........##P%P.#..≈≈≈≈≈..P#PP#.
...........#♣P%PP.♣.......PPPPP#.
...........##.%♣P.PPP♣P#P♣PP.PP#.
........####♣P%.@PPP♣P♣PPPP♣PPP#.
........#


#PP%.PPPPPP##PPPPP.#. ........#####P.P#PPPP♣#PPP♣...P#. ........#..###########
#########. .................<...# #. ........#.......#....# ##.
........#.##....###### #.. ........#.#..##.## ##.# ........#.#.###..# #..# You
could see an oklob plant.

Vanquished Creatures
  Crazy Yiuf (D:2)
  Robin (D:2)
  2 adders
  2 dart slugs
  2 leopard geckos
  4 orcs (D:3)
  8 bats
  A giant cockroach (D:3)
  16 goblins
  7 hobgoblins
  3 jackals (D:1)
  7 kobolds
  A frilled lizard (D:3)
  19 rats
  2 fungi (D:3)
76 creatures vanquished.

Vanquished Creatures (others)
  15 toadstools (D:3)
15 creatures vanquished.

Grand Total: 91 creatures vanquished

Notes
Turn   | Place    | Note
-------+----------+-------------------------------------------
     0 | D:1      | Vasilisck the Minotaur Fighter began the quest for the Orb.
     0 | D:1      | Reached XP level 1. HP: 19/19 MP: 0/0
    95 | D:1      | Reached XP level 2. HP: 17/27 MP: 1/1
   261 | D:1      | Reached skill level 4 in Fighting
   302 | D:1      | Reached XP level 3. HP: 33/33 MP: 2/2
   712 | D:2      | Found an opulent altar of Gozag.
   767 | D:2      | Found a shadowy altar of Dithmenos.
   985 | D:2      | Noticed Robin
  1009 | D:2      | Reached XP level 4. HP: 13/41 MP: 3/3
  1010 | D:2      | Killed Robin
  1225 | D:2      | Found a runed door.
  1229 | D:2      | Noticed Crazy Yiuf
  1235 | D:2      | Killed Crazy Yiuf
  1785 | D:3      | Found a shattered altar of Ashenzari.
  1847 | D:3      | Reached XP level 5. HP: 47/47 MP: 4/4
  1855 | D:3      | Reached skill level 5 in Fighting
  2030 | D:3      | Found a blossoming altar of Fedhas.
  2040 | D:3      | Noticed an oklob plant
  2062 | D:3      | Killed from afar by an oklob plant

Skill      XL: |  1  2  3  4  5 |
---------------+----------------+-----
Armour         | 4 |  4.6
Shields        | 4 |  4.4
Fighting       | 4 5 |  5.0
Axes           | 3 |  3.6

Action                   |  1- 3 |  4- 6 || total
-------------------------+-------+-------++-------
Melee: War axe           |    96 |    68 ||   164
       Headbutt          |    13 |    11 ||    24
  Use: Potion            |     1 |       ||     1
       Scroll            |       |     7 ||     7
  Eat: Chunk             |       |     4 ||     4
Armor: Scale mail        |    44 |     2 ||    46
       Chain mail        |       |    32 ||    32
Dodge: Dodged            |    27 |    13 ||    40
Block: Shield            |    56 |    32 ||    88
